AoeStats
← Comod0ro

MegaRandom

505478934Analyzed
1v1 RM · 24d ago on Sep 9, 2026· 55m 33s· 2 players
Game mode
Random Map
Map size
Tiny (2 player)
Population
200
Speed
Normal
Resources
Standard
Victory
Conquest
Starting age
Dark Age
Ending age
Imperial Age
RankedLock teamsTeams togetherTeam positionsShared explorationLock speedFull tech treeHidden civsTurbo modeCheats
Victory
Defeat
🇨🇱 Turks · Chile
807
+17
🇪🇸 Ethiopians · Spain
832
-17
rakunt
7:04 Loom
12:33 Feudal Age
16:47 Castle Age
15:00 Double-Bit Axe
15:15 Horse Collar
15:52 Gold Mining
16:13 Stone Mining
21:48 Heavy Plow
22:10 Bow Saw
35:08 Imperial Age
34:40 Wheelbarrow
35:41 Ballistics
35:12 Heated Shot
36:13 Hand Cart
35:46 Town Watch
35:48 Loom
38:15 Two-Man Saw
37:36 Artillery
38:45 Conscription
41:38 Fortified Wall
44:10 Murder Holes
52:52 Town Patrol
Comod0ro
6:59 Loom
10:21 Feudal Age
10:47 Double-Bit Axe
12:18 Wheelbarrow
13:11 Horse Collar
15:06 Gold Mining
16:32 Padded Archer Armor
16:59 Fletching
21:47 Castle Age
21:06 Forging
21:23 Stone Mining
22:13 Scale Mail Armor
22:39 Bow Saw
22:31 Heavy Plow
22:56 Squires
22:43 Crossbowman
24:24 Fervor
25:02 Gold Shaft Mining
25:05 Stone Shaft Mining
26:16 Hand Cart
26:57 Town Watch
27:30 Leather Archer Armor
28:40 Bodkin Arrow
31:33 Royal Heirs
32:00 Ballistics
34:14 Iron Casting
37:46 Imperial Age
38:08 Chain Mail Armor
38:49 Conscription
40:01 Murder Holes
Connection lost

Rejoining the realm…

Still unreachable

The connection could not be restored.

Session expired

The server has moved on; the page needs a fresh start.